 Dungeon Crawl Stone Soup version 0.14-a0-1192-g192f278 (webtiles) character file.

150 Jenx the Ruinous (level 4, -6/24 HPs)
             Began as a Deep Elf Conjurer on Dec 1, 2013.
             Killed by divine providence
             ... invoked by an orc priest
              (16 damage)
             ... on Level 3 of the Dungeon.
             The game lasted 00:10:57 (2221 turns).

Jenx the Ruinous (Deep Elf Conjurer)                Turns: 2221, Time: 00:10:58

HP  -6/24        AC  2     Str  5      XL: 4   Next: 18%
MP   9/11        EV 13     Int 21      God:
Gold 70          SH  0     Dex 16      Spells:  2 memorised,  3 levels left

rFire  . . .     SeeInvis .     w - +0 dagger
rCold  . . .     Clarity  .     t - +0 elf robe
rNeg   + . .     Conserve .     (no shield)
rPois  .         rCorr    .     (no helmet)
rElec  .         rRot     .     (no cloak)
SustAb . .       Spirit   .     (no gloves)
rMut   .         Warding  .     (no boots)
Saprov . . .     Stasis   .     (no amulet)
                                i - ring of positive energy
                                l - +1 ring of dexterity

@: slightly resistant to hostile enchantments, fairly stealthy
A: no striking features
a: no special abilities


You were on level 3 of the Dungeon.
You were hungry.

You visited 1 branch of the dungeon, and saw 3 of its levels.

You collected 70 gold pieces.

Inventory:

Hand weapons
 w - a +0,+0 dagger (weapon)
Missiles
 g - 14 arrows
 o - 26 darts (quivered)
Armour
 s - a +0 buckler
 t - a +0 elven robe (worn)
Comestibles
 b - 5 bread rations
 j - a chunk of adder flesh
 p - a choko
Scrolls
 e - a scroll of recharging {unknown}
 h - a scroll of remove curse
 m - a scroll of curse jewellery {unknown}
 n - 2 scrolls of identify
 q - a scroll of teleportation
Jewellery
 d - an uncursed ring of teleportation
 i - a ring of positive energy (right hand)
 l - a +1 ring of dexterity (left hand)
 r - an uncursed ring of protection from cold
Potions
 f - 3 potions of curing
 k - a potion of mutation {unknown}
 u - a potion of poison {unknown}
Books
 c - a book of Conjurations

   Spells                             Type                      Level
   *Magic Dart                        Conjuration                  1
   *Searing Ray                       Conjuration                  2
   Dazzling Spray                     Conjuration/Hexes            3
   Iskenderun's Mystic Blast          Conjuration                  4
   Iskenderun's Battlesphere          Conjuration/Charms           4
   Fulminant Prism                    Conjuration/Hexes            5


   Skills:
 - Level 2.4 Dodging
 - Level 2.4 Stealth
 - Level 1.5 Spellcasting
 * Level 6.3 Conjurations


You had 3 spell levels left.
You knew the following spells:

 Your Spells              Type           Power        Failure   Level  Hunger
a - Magic Dart            Conj           ####         1%          1    #......
b - Searing Ray           Conj           ####..       1%          2    ###....


Dungeon Overview and Level Annotations

Branches:
Dungeon (3/16)

Altars:

Annotations:
D:2 Terence


Message History

An orc comes into view.
You are feeling hungry.
The orc shouts!
Found a robe.
An orc priest comes into view. It is wielding an orcish mace.
An orc priest comes into view.
A giant newt comes into view.
The orc priest shouts!
The orc shouts!
The orc priest mumbles some strange prayers to Beogh against you.
Something smites you!
Ouch! That really hurt!
You open the door.
Found a runed orcish mace and a robe.
Found an escape hatch in the ceiling.
There is an open door here.
There's a creature in the doorway!
The orc priest mumbles some strange prayers to Beogh against you.
Something smites you!
Ouch! That really hurt!
You die...

............#
#....######..# #....# #..#
### #....# #..# .........
#....# #..# .........#
#....# #..# ......%..#
#)[<.# #..#
.........#####....######..#
................@.o...oo..#
............##....######..#
............##....# #.%#
............###...l ....#
............# #..... ....#
............# #......
.....# ............#
#.........o..#
............#
#........[ol.#
............# .... ...


You could see an orc priest, 2 orcs and a giant newt (wandering).

Vanquished Creatures
  Jessica (D:2)
  2 adders (D:3)
  2 oozes (D:1)
  5 bats
  4 giant cockroaches
  6 goblins
  6 hobgoblins
  2 jackals (D:2)
  A giant gecko (D:1)
  2 giant newts
  5 kobolds
  8 rats
44 creatures vanquished.

Notes
Turn   | Place    | Note
--------------------------------------------------------------
     0 | D:1      | Jenx, the Deep Elf Conjurer, began the quest for the Orb.
     0 | D:1      | Reached XP level 1. HP: 10/10 MP: 4/4
   343 | D:1      | Reached XP level 2. HP: 15/15 MP: 1/6
   360 | D:1      | Learned a level 2 spell: Searing Ray
   407 | D:1      | Reached skill level 5 in Conjurations
  1120 | D:2      | Reached XP level 3. HP: 16/19 MP: 6/9
  1186 | D:2      | Noticed Jessica
  1200 | D:2      | Killed Jessica
  1244 | D:2      | Noticed Terence
  1601 | D:2      | Reached skill level 6 in Conjurations
  1995 | D:3      | Reached XP level 4. HP: 16/24 MP: 7/11
  2221 | D:3      | Killed from afar by an orc priest

Action                   |  1- 3 |  4- 6 || total
-------------------------+-------+-------++-------
Melee: Unarmed           |     2 |       ||     2
       Dagger            |     8 |       ||     8
Throw: Dart              |    38 |       ||    38
 Cast: Magic Dart        |    89 |     6 ||    95
       Searing Ray       |     2 |       ||     2
  Use: Scroll            |     5 |     1 ||     6
       Potion            |     2 |       ||     2
 Stab: Sleeping          |     1 |       ||     1
